 Dungeon Crawl Stone Soup version 0.18-a0-1420-g141d243 (webtiles) character file.

23 william the Firebug (level 3, 0/21 HPs)
             Began as an Octopode Fire Elementalist on Feb 27, 2016.
             Succumbed to a kobold's poison
             ... on level 1 of the Dungeon.
             The game lasted 00:10:26 (2095 turns).

william the Firebug (Octopode Fire Elementalist)    Turns: 2095, Time: 00:10:26

Health: 0/21       AC:  1    Str:  8    XL:     3   Next: 0%
Magic:  6/6        EV: 12    Int: 17    God:
Gold:   9          SH:  0    Dex: 12    Spells: 1 memorised, 5 levels left

rFire  . . .     SeeInvis .     b - -3 short sword (curse)
rCold  . . .     Gourm    .     (no shield)
rNeg   . . .     Faith    .     (helmet restricted)
rPois  .         Spirit   .     (no amulet)
rElec  .         Dismiss  .     (no ring)
rCorr  .         Reflect  .     (no ring)
SustAt .         Harm     .     (no ring)
MR     .....                    (no ring)
Stlth  +++.......               (no ring)
                                (no ring)
                                (no ring)
                                (no ring)

@: lethally poisoned (0 -> -12), about to teleport, not resistant to hostile
enchantments, fairly stealthy
A: almost no armour, amphibious, 8 rings, constrict 8, camouflage 1, gelatinous
body 1
a: no special abilities


You were on level 1 of the Dungeon.
You were not hungry.

You visited 1 branch of the dungeon, and saw 1 of its levels.

You collected 9 gold pieces.

Inventory:

Hand Weapons
 b - a cursed -3 short sword (weapon)
 c - a +0 hand axe
Missiles
 f - 5 poisoned needles
Books
 a - a book of Flames

   Spells                             Type                      Level
   a - Flame Tongue                   Conjuration/Fire             1
   b - Throw Flame                    Conjuration/Fire             2
   c - Conjure Flame                  Conjuration/Fire             3
   d - Inner Flame                    Hexes/Fire                   3
   e - Sticky Flame                   Conjuration/Fire             4
   f - Fireball                       Conjuration/Fire             5


   Skills:
 + Level 0.4 Axes
 + Level 2.2 Dodging
 + Level 2.8 Stealth
 + Level 2.1 Spellcasting
 + Level 1.0 Conjurations
 + Level 3.7 Fire Magic


You had 5 spell levels left.
You knew the following spells:

 Your Spells              Type           Power        Failure   Level  Hunger
a - Flame Tongue          Conj/Fire      #....        10%         1    #......


Dungeon Overview and Level Annotations

Branches:
Dungeon (1/15)

Altars:


Innate Abilities, Weirdness & Mutations

You cannot wear most types of armour.
You are amphibious.
You can wear up to eight rings at the same time.
You can use your tentacles to constrict eight enemies at once.
Your skin changes colour to match your surroundings (Stealth).
Your rubbery body absorbs attacks (AC +1).


Message History

You feel sick.
* * * LOW HITPOINT WARNING * * *
You feel sick.
There is a lethal amount of poison in your body!
* * * LOW HITPOINT WARNING * * *
You feel sick.
Read which item? (? for menu, Esc to quit)
You don't have any such object.
Read which item? (? for menu, Esc to quit)
Read which item? (? for menu, Esc to quit)
Read which item? (? for menu, Esc to quit)
Okay, then.
* * * LOW HITPOINT WARNING * * *
You feel sick.
* * * LOW HITPOINT WARNING * * *
You feel sick.
Read which item? (? for menu, Esc to quit)
As you read the scroll of teleportation, it crumbles to dust.
You feel strangely unstable.
You die...

#######......# #.#
...........######.#
##########........# ..#.....#
#........# ..#.....########
#........#
.K..%..##.....#############.##
#..........#.......# #...
#..........#.......# #.##
#.###.>.......#@......# ####
#.............#.......# #
#......(.)(.......# #
#.........(..######### #
#.##.........# # #...##.#### #
#...##.# ......r.# .....r...#
####### #######


There were no monsters in sight!

Vanquished Creatures
  A worm (D:1)
  A giant cockroach (D:1)
  3 goblins (D:1)
  3 hobgoblins (D:1)
  3 jackals (D:1)
  A kobold (D:1)
  3 ball pythons (D:1)
  A bat (D:1)
  3 rats (D:1)
19 creatures vanquished.

Notes
Turn   | Place    | Note
--------------------------------------------------------------
     0 | D:1      | william the Octopode Fire Elementalist began the quest for the Orb.
     0 | D:1      | Reached XP level 1. HP: 11/11 MP: 3/3
   295 | D:1      | Reached XP level 2. HP: 4/17 MP: 5/5
  2090 | D:1      | Reached XP level 3. HP: 6/21 MP: 6/6
  2094 | D:1      | HP: 1/21 [poisoned by a kobold]
  2095 | D:1      | Succumbed to a kobold's poison

Vault maps used:
D:1:      saegor_arrival_simple_b, minmay_shallow_snake_nest

Action                   || total
-------------------------++-------
Melee: Hand axe          ||    29
       Unarmed           ||     3
       Short sword       ||     4
  Use: Scroll            ||     3
 Stab: Sleeping          ||     3
  Eat: Bread ration      ||     1
